 Dungeon Sprint DCSS version 0.18-a0-1574-g3f9d221 (webtiles) character file.

3769 Oddball22 the Fighter (level 9, -3/89 HPs)
             Began as a White Draconian Transmuter on Mar 16, 2016.
             Was the Champion of Makhleb.
             Slain by a giant leech (33 damage)
             ... in the Dungeon (Sprint IX: "|||||||||||||||||||||||||||||").
             The game lasted 00:06:04 (1323 turns).

Oddball22 the Fighter (White Draconian Transmuter)  Turns: 1323, Time: 00:06:04

Health: -3/89      AC:  9    Str: 16    XL:     9   Next: 94%
Magic:  21/24      EV: 18    Int: 16    God:    Makhleb [******]
Gold:   32         SH:  0    Dex: 15    Spells: 4 memorised, 17 levels left

rFire  . . .     SeeInvis .       - Unarmed
rCold  + . .     Gourm    .     (armour unavailable)
rNeg   . . .     Faith    .     (shield currently unavailable)
rPois  .         Spirit   .     (helmet restricted)
rElec  .         Dismiss  .     l - +0 cloak
rCorr  .         Reflect  .     (gloves currently unavailable)
SustAt .         Harm     .     m - +0 pair of boots
MR     .....     NoTele   +     (no amulet)
Stlth  +.........               o - +3 ring of strength
                                n - +3 ring of intelligence

@: lethally poisoned (-3 -> -13), blade hands, not resistant to hostile
enchantments, very unstealthy
A: breathe frost, unfitting armour, cold resistance 1, cold-blooded, AC +7
a: Breathe Frost, End Transformation, Minor Destruction, Lesser Servant of
Makhleb, Major Destruction, Greater Servant of Makhleb, Renounce Religion


You were in the Dungeon.
You worshipped Makhleb.
Makhleb was exalted by your worship.
You were not hungry.
You had blades for hands.
You visited 1 branch You collected 32 gold pieces.

Inventory:

Missiles
 a - 28 arrows
Armour
 l - a +0 cloak (worn)
 m - a +0 pair of boots (worn)
Magical Staves
 p - an uncursed staff of energy
Jewellery
 n - a +3 ring of intelligence (left scythe-like blade)
 o - a +3 ring of strength (right scythe-like blade)
Wands
 k - a wand of lightning (7/15)
Scrolls
 h - 4 scrolls of remove curse
 i - 3 scrolls of blinking
 j - 2 scrolls of amnesia
 u - 2 scrolls of fog
 v - a scroll of recharging
Potions
 d - 5 potions of curing
 e - 7 potions of heal wounds
 f - a potion of invisibility
 g - 4 potions of magic
 r - a potion of might
 s - 2 potions of haste
Books
 b - a book of Changes

   Spells                             Type                      Level
   a - Beastly Appendage              Transmutation                1
   b - Sticks to Snakes               Transmutation                2
   c - Spider Form                    Transmutation/Poison         3
   d - Ice Form                       Ice/Transmutation            4
   e - Blade Hands                    Transmutation                5
Miscellaneous
 t - a plain deck of wonders
Comestibles
 c - a bread ration
 q - 12 chunks of flesh


   Skills:
 + Level 11.5 Fighting
 + Level 9.0 Dodging
 * Level 8.3 Unarmed Combat
 - Level 11.0 Spellcasting
 + Level 10.4 Transmutations
 - Level 4.3 Ice Magic
 - Level 3.3 Poison Magic
 + Level 4.1 Invocations


You had 17 spell levels left.
You knew the following spells:

 Your Spells              Type           Power        Failure   Level  Hunger
a - Beastly Appendage     Trmt           #####.       8%          1    None
b - Spider Form           Trmt/Pois      ####......   17%         3    None
c - Ice Form              Ice/Trmt       ####....     32%         4    ###....
d - Blade Hands           Trmt           #####.....   28%         5    #####..


Dungeon Overview and Level Annotations

Branches:
Dungeon (1/1)

Altars:
Cheibriados
Dithmenos
Elyvilon
Fedhas
Gozag
Kikubaaqudgha
Makhleb
Nemelex Xobeh
Okawaru
Pakellas
Qazlal
Ru
Sif Muna
Trog
Vehumet
Xom
Yredelemnul
Zin
The Shining One
Beogh
Jiyva
Lugonu


Innate Abilities, Weirdness & Mutations

You can breathe waves of freezing cold.
You can buffet flying creatures when you breathe cold.
Your icy white scales are hard (AC +7).
Your body does not fit into most forms of armour.
Your flesh is cold resistant.
You are cold-blooded and may be slowed by cold attacks.


Message History

You slice the spiny frog!!
You kill the spiny frog!
Makhleb accepts your kill.
You feel better.
Your Dodging skill increases to level 9!
Your Unarmed Combat skill increases to level 8!
Your Invocations skill increases to level 4!
You feel sick.
The blink frog blinks!
You completely miss the giant leech.
You feel sick.
You slice the giant leech!! You slash the giant leech!
The giant leech is heavily wounded.
You feel sick. The giant leech bites you!!
The giant leech draws strength from your injuries!
You barely miss the giant leech.
The giant leech is lightly wounded.
You feel sick.
You barely miss the giant leech.
The giant leech is lightly wounded.
You feel sick. The giant leech bites you!!
You die...

▓.▓.▓
▓.▓.▓.▓
▓[▓.▓.▓
▓.▓.▓.▓
▓.▓.▓F▓
▓)▓.▓y▓
▓.▓.▓y▓
▓.▓.▓w▓
▓.▓.▓@▓
▓'▓.▓.▓
▓_▓.▓.▓
▓_▓.▓.▓
▓_▓.▓.▓
▓_▓.▓.▓
▓_▓.▓.▓
▓_▓.▓.▓
▓_▓.▓÷▓


You could see a giant leech, a blink frog and 2 vampire mosquitoes.

Vanquished Creatures
  A hill giant (D)
  An ugly thing (D)
  2 spiny frogs (D)
  A komodo dragon (D)
  A blink frog (D)
  A yak (D)
  A shadow (D)
  Eustachio (D)
  A hippogriff (D)
  2 vampire mosquitoes (D)
  2 water moccasins (D)
  2 porcupines (D)
  A sky beast (D)
  A centaur (D)
  2 crocodiles (D)
  3 giant frogs (D)
  An orc priest (D)
  2 iguanas (D)
  An orc wizard (D)
  A worker ant (D)
  A sheep (D)
  A river rat (D)
  An adder skeleton (D)
  A worm (D)
  3 orcs (D)
  A bat skeleton (D)
  2 goblins (D)
  A hobgoblin (D)
  A bat (D)
  A giant cockroach zombie (D)
  A giant gecko zombie (D)
  A kobold (D)
43 creatures vanquished.

Notes
Turn   | Place    | Note
--------------------------------------------------------------
     0 | D        | Oddball22 the Draconian Transmuter began the quest for the Orb.
     0 | D        | Reached XP level 1. HP: 16/16 MP: 3/3
    79 | D        | Noticed an orc wizard
    84 | D        | Reached XP level 2. HP: 26/26 MP: 2/5
    95 | D        | Reached XP level 3. HP: 15/34 MP: 3/7
   289 | D        | Found a glowing silver altar of Zin.
   289 | D        | Found a glowing golden altar of the Shining One.
   289 | D        | Found an ancient bone altar of Kikubaaqudgha.
   289 | D        | Found a basalt altar of Yredelemnul.
   289 | D        | Found a shimmering altar of Xom.
   289 | D        | Found a radiant altar of Vehumet.
   290 | D        | Found an iron altar of Okawaru.
   291 | D        | Found a burning altar of Makhleb.
   292 | D        | Found a deep blue altar of Sif Muna.
   293 | D        | Found a bloodstained altar of Trog.
   294 | D        | Found a sparkling altar of Nemelex Xobeh.
   295 | D        | Found a white marble altar of Elyvilon.
   296 | D        | Found a roughly hewn altar of Beogh.
   297 | D        | Found a viscous altar of Jiyva.
   298 | D        | Found a corrupted altar of Lugonu.
   299 | D        | Found a blossoming altar of Fedhas.
   301 | D        | Became a worshipper of Makhleb the Destroyer
   303 | D        | Found a snail-covered altar of Cheibriados.
   304 | D        | Found a shadowy altar of Dithmenos.
   305 | D        | Found a stormy altar of Qazlal.
   306 | D        | Found an opulent altar of Gozag.
   307 | D        | Found a sacrificial altar of Ru.
   308 | D        | Found an oddly glowing altar of Pakellas.
   360 | D        | Learned a level 3 spell: Spider Form
   424 | D        | Noticed a hill giant
   424 | D        | Noticed a centaur
   427 | D        | Reached skill level 5 in Fighting
   430 | D        | Reached * piety under Makhleb
   430 | D        | Reached XP level 4. HP: 38/42 MP: 4/10
   436 | D        | Killed a centaur
   436 | D        | Reached skill level 5 in Spellcasting
   436 | D        | Reached skill level 5 in Transmutations
   436 | D        | Reached XP level 5. HP: 42/50 MP: 1/13
   467 | D        | Killed a hill giant
   467 | D        | Reached ** piety under Makhleb
   467 | D        | Reached XP level 6. HP: 14/62 MP: 2/17
   467 | D        | Your scales start taking on an icy white colour.
   467 | D        | Reached XP level 7. HP: 15/69 MP: 2/19
   467 | D        | Gained mutation: Your flesh is cold resistant. [White Draconian growth]
   741 | D        | Learned a level 4 spell: Ice Form
   747 | D        | Learned a level 5 spell: Blade Hands
   751 | D        | Noticed a shadow
   751 | D        | Noticed a vampire mosquito
   751 | D        | Noticed a green ugly thing
   755 | D        | Reached *** piety under Makhleb
   765 | D        | Killed a green ugly thing
   765 | D        | Reached skill level 10 in Spellcasting
   765 | D        | Reached XP level 8. HP: 47/78 MP: 17/22
   772 | D        | Reached **** piety under Makhleb
  1063 | D        | Noticed Eustachio
  1081 | D        | Killed Eustachio
  1081 | D        | Reached skill level 10 in Fighting
  1183 | D        | Noticed a spiny frog
  1188 | D        | Reached skill level 1 in Ice Magic
  1188 | D        | Reached skill level 1 in Poison Magic
  1197 | D        | Reached ***** piety under Makhleb
  1203 | D        | Killed a spiny frog
  1203 | D        | Reached skill level 5 in Unarmed Combat
  1203 | D        | Reached XP level 9. HP: 82/86 MP: 21/24
  1256 | D        | Noticed a komodo dragon
  1260 | D        | Killed a komodo dragon
  1260 | D        | Reached ****** piety under Makhleb
  1260 | D        | Reached skill level 1 in Invocations
  1273 | D        | Reached skill level 10 in Transmutations
  1310 | D        | Noticed a giant leech
  1310 | D        | Noticed a spiny frog
  1319 | D        | Killed a spiny frog
  1323 | D        | Slain by a giant leech

Vault maps used:
D:        linesprint

Skill      XL: |  1  2  3  4  5  6  7  8  9 |
---------------+----------------------------+-----
Fighting       | 3 4 5 6 8 9 10 11 | 11.5
Dodging        | 2 3 4 6 7 8 9 |  9.0
Spellcasting   | 3 4 5 8 10 11 | 11.0
Transmutations | 3 4 5 7 8 9 10 | 10.4
Ice Magic      | 3 4 |  4.3
Poison Magic   | 2 3 |  3.3
Unarmed Combat | 5 8 |  8.3
Invocations    | 4 |  4.1

Action                   |  1- 3 |  4- 6 |  7- 9 || total
-------------------------+-------+-------+-------++-------
Melee: Unarmed           |    41 |    17 |   107 ||   165
 Cast: Beastly Appendage |     2 |     1 |       ||     3
       Spider Form       |     1 |     1 |     1 ||     3
       Blade Hands       |       |       |     4 ||     4
  Use: Potion            |     2 |       |       ||     2
  Eat: Chunk             |       |       |     4 ||     4
